 Dungeon Crawl Stone Soup version 0.31-a0-940-gdaa99269f9 (webtiles) character file.

Game seed: 833305650789369698

74 gelatine the Changeling (level 4, 0/32 HPs)
             Began as a Demonspawn Shapeshifter on Oct 20, 2023.
             Slain by a hobgoblin (4 damage)
             ... on level 2 of the Dungeon.
             The game lasted 00:02:57 (1366 turns).

gelatine the Changeling (Demonspawn Shapeshifter)   Turns: 1366, Time: 00:02:57

Health: 0/32       AC:  2    Str: 17    XL:     4   Next: 9%
Magic:  4/4        EV: 12    Int: 11    God:
Gold:   89         SH:  0    Dex: 12    Spells: 1/3 levels left

rFire   . . .        f - +2 morningstar (protect)
rCold   . . .        (no shield)
rNeg    . . .        a - +0 animal skin
rPois   .            (helmet currently unavailable)
rElec   .            (cloak currently unavailable)
rCorr   .            (gloves currently unavailable)
SInv    .            (boots currently unavailable)
Will    .....        (no amulet)
Stlth   +            (no ring)
HPRegen 0.25/turn    (no ring)
MPRegen 0.09/turn

%: no passive effects
@: beast-form
A: beast (slay +1), hooves 1, powered by pain 2
a: Begin Untransformation


You were on level 2 of the Dungeon.
You were a hulking beast.
You visited 1 branch of the dungeon, and saw 2 of its levels.

You collected 89 gold pieces.

Inventory:

Hand Weapons
 f - a +2 morningstar of protection (weapon)
Armour
 a - a +0 animal skin (worn)
Talismans
 c - a beast talisman (active)
 d - a flux talisman
Scrolls
 h - a scroll of amnesia {unknown}
Potions
 b - a potion of lignification
 e - a potion of attraction {unknown}
 g - a potion of curing {unknown}
 i - a potion of haste {unknown}


   Skills:
 * Level 1.5 Fighting
 + Level 1.9 Dodging
 * Level 3.3 Unarmed Combat
 * Level 0.2 Spellcasting
 * Level 0.7 Translocations
 * Level 3.4 Shapeshifting


You had one spell level left.
You knew the following spells:

 Your Spells              Type           Power      Damage    Failure   Level
a - Blink                 Tloc           2%         N/A       36%         2

Your spell library contained the following spells:

 Spells                   Type           Power      Damage    Failure   Level
 Lesser Beckoning         Tloc           2%         N/A       36%         2
 Momentum Strike          Conj/Tloc      0%         3d8       41%         2


Dungeon Overview and Level Annotations

Branches:
Dungeon (2/15)

Altars:


Innate Abilities, Weirdness & Mutations

You are a hulking beast.
Your limbs bulge with bestial killing power. (Slay +1)
You have large cloven feet.
You sometimes gain power by taking damage.


Message History

The adder misses you. The kobold hits you but does no damage.
The adder bites you but does no damage.
You barely miss the adder.
The adder is almost dead.
The kobold closely misses you. The adder bites you.
The adder barely misses you. The hobgoblin completely misses you.
The kobold hits you with a +0 whip.
You closely miss the adder.
The adder is almost dead.
The adder bites you but does no damage. The kobold hits you with a +0 whip.
The hobgoblin barely misses you. The adder barely misses you.
You barely miss the adder. Your kick misses the adder.
The adder is almost dead.
The kobold barely misses you. The hobgoblin hits you.
The adder closely misses you. The kobold hits you with a +0 whip.
The adder bites you but does no damage.
You closely miss the adder.
The adder is almost dead.
The adder barely misses you. The kobold barely misses you.
The hobgoblin hits you but does no damage.
The adder completely misses you.
You miss the adder.
The adder is severely wounded.
The kobold hits you with a +0 whip. The hobgoblin closely misses you.
The goblin hits you with a +0 dagger. The adder bites you.
The hobgoblin barely misses you. The kobold hits you with a +0 whip.
The goblin barely misses you. The adder bites you.
* * * LOW HITPOINT WARNING * * *
You are poisoned.
The adder poisons you!
You feel sick. The kobold attacks as it pursues you!
The kobold closely misses you.
You feel sick. The hobgoblin hits you.
* * * LOW HITPOINT WARNING * * *
The adder misses you.
You feel sick.
You barely miss the hobgoblin.
You feel sick.
You are no longer poisoned.
The hobgoblin hits you.
You die...

..##.##.. ..#.#..
#.#.#.# #.....#
#...# #..#.).#
##..#KSg#
...##g##############
#..##h#........)...#
#..##.############.#
##..##.# #.#
#.######...##.# #.#
#.#...........# #.#
#....#.##..#### #.#
##...#..##..# #.#
#...........# #.#
###....#......###
#.#


You could see an adder, a hobgoblin, a goblin and a kobold.

Vanquished Creatures
  3 adders (D:2)
  A worm (D:2)
  A dart slug (D:1)
  4 bats (D:1)
  5 endoplasms
  A giant cockroach (D:1)
  8 goblins
  5 hobgoblins
  A kobold (D:1)
  4 quokkas
  A ball python (D:1)
  2 frilled lizards (D:1)
  3 rats (D:2)
39 creatures vanquished.

Notes
Turn   | Place    | Note
-------+----------+-------------------------------------------
     0 | D:1      | gelatine the Demonspawn Shapeshifter began the quest for
                  | the Orb.
     0 | D:1      | Reached XP level 1. HP: 15/15 MP: 1/1
    78 | D:1      | Gained mutation: You have large cloven feet. [demonic
                  | ancestry]
    78 | D:1      | Reached XP level 2. HP: 11/21 MP: 2/2
   262 | D:1      | Found a faded altar of an unknown god.
   480 | D:1      | Gained mutation: You sometimes gain a little power by
                  | taking damage. [demonic ancestry]
   480 | D:1      | Reached XP level 3. HP: 26/26 MP: 3/3
   660 | D:1      | Learned a level 2 spell: Blink
  1131 | D:2      | Gained mutation: You sometimes gain power by taking damage.
                  | [demonic ancestry]
  1131 | D:2      | Reached XP level 4. HP: 17/32 MP: 4/4
  1366 | D:2      | Slain by a hobgoblin

Illustrated notes

Levels and vault maps discovered:
D:1:      dpeg_arrival_court, layout_loops_ring,
          ebering_ecumenical_altar_abandoned
D:2:      minmay_general_purpose_star, layout_loops_ring, basic_altar,
          minmay_door_square, hangedman_abyss_or_decor_lesser_grid, hex_tiny

Skill      XL: |  1  2 |
---------------+-------+-----
Shapeshifting  | 3 |  3.4
Unarmed Combat | 3 |  3.3
Fighting       | |  1.5
Dodging        | |  1.9
Spellcasting   | |  0.2
Translocations | |  0.7

Action                     |  1- 3 |  4- 6 || total
---------------------------+-------+-------++-------
  Melee: Unarmed           |    80 |     7 ||    87
         Punch             |     2 |       ||     2
         Kick              |    13 |     3 ||    16
         Morningstar       |       |    12 ||    12
  Throw: Stone             |    20 |       ||    20
    Use: Scroll            |       |     1 ||     1
   Stab: Sleeping          |       |     1 ||     1
 Armour: Animal skin       |    36 |    20 ||    56
  Dodge: Dodged            |    39 |    26 ||    65

Table legend: (Time is in decaauts)
 A = Elapsed time spent in this place.
 B = Non-inter-level travel time spent in this place.
 C = Inter-level travel time spent in this place.
 D = Time resting spent in this place.
 E = Time spent auto-exploring this place.
 F = Levels seen in this place.
 G = Mean time per level.
                   A        B        C        D        E       F      G
               +--------+--------+--------+--------+--------+-----+--------+
         Total |   1367 |   1358 |      9 |      0 |   1074 |   2 |  683.5 |
       Dungeon |   1367 |   1358 |      9 |      0 |   1074 |   2 |  683.5 |
               +--------+--------+--------+--------+--------+-----+--------+

Top non-repeatable levels by time:
     D:1: 751 daAuts
     D:2: 616 daAuts
